 Dungeon Crawl Stone Soup version 0.17.0-73-gb648821 (webtiles) character file.

2230 homeworkjunkie the Cleaver (level 9, -4/78 HPs)
             Began as a Hill Orc Fighter on Dec 9, 2015.
             Was a Believer of Okawaru.
             Killed from afar by Britaniac's ghost (18 damage)
             ... with a flame tongue
             ... on level 7 of the Dungeon.
             The game lasted 00:15:45 (7233 turns).

homeworkjunkie the Cleaver (Hill Orc Fighter)       Turns: 7233, Time: 00:15:45

Health: -4/78      AC: 13    Str: 22    XL:     9   Next: 36%
Magic:  18/18      EV:  7    Int:  8    God:    Okawaru [**....]
Gold:   320        SH: 10    Dex: 10    Spells: 0 memorised, 8 levels left

rFire  . . .     SeeInvis .     a - +1 war axe
rCold  + . .     Clarity  .     y - +0 chain mail {rPois}
rNeg   . . .     SustAt   .     c - +0 shield
rPois  +         Gourm    .     l - +0 helmet
rElec  .         Spirit   .     p - +0 cloak
rCorr  .         Warding  .     (no gloves)
rMut   .         Stasis   .     (no boots)
MR     .....                    (no amulet)
Stlth  ..........               g - ring of protection from cold
                                h - ring of magical power

@: not resistant to hostile enchantments, extremely unstealthy
A: no striking features
a: Heroism, Renounce Religion


You were on level 7 of the Dungeon.
You worshipped Okawaru.
Okawaru was pleased with you.
You were not hungry.

You visited 1 branch of the dungeon, and saw 7 of its levels.

You collected 320 gold pieces.

Inventory:

Hand Weapons
 a - a +1 war axe (weapon)
Missiles
 i - 14 tomahawks (quivered)
Armour
 c - a +0 shield (worn)
 l - a +0 helmet (worn)
 p - a +0 cloak (worn)
 y - a +0 chain mail of poison resistance (worn)
Jewellery
 g - a ring of protection from cold (right hand)
 h - a ring of magical power (left hand)
Wands
 m - a wand of draining (3)
 x - a wand of flame (14)
Scrolls
 k - 3 scrolls of magic mapping
 o - 3 scrolls of remove curse
 r - a scroll of teleportation
Potions
 e - 2 potions of magic
 j - a potion of ambrosia
 n - a potion of mutation
Comestibles
 d - a bread ration
 v - 3 fruits


   Skills:
 * Level 6.9 Fighting
 * Level 8.4 Axes
 + Level 0.3 Throwing
 * Level 6.9 Armour
 + Level 2.0 Dodging
 * Level 3.2 Stealth
 * Level 6.9 Shields


You had 8 spell levels left.
You didn't know any spells.

Dungeon Overview and Level Annotations

Branches:
Dungeon (7/15)
 Temple: D:4-7

Altars:
Cheibriados
Nemelex Xobeh
Okawaru
Ru
Vehumet
Zin
The Shining One

Shops:
D:4 (

Annotations:
D:7 Britaniac's ghost, novice GrFE


Message History

* * * LOW HITPOINT WARNING * * *
You hit Britaniac's ghost but do no damage.
Britaniac's ghost is severely damaged.
Britaniac's ghost hits you.
* * * LOW HITPOINT WARNING * * *
You barely miss Britaniac's ghost.
Britaniac's ghost is severely damaged.
You block Britaniac's ghost's attack.
You hit Britaniac's ghost.
Britaniac's ghost is severely damaged.
You block Britaniac's ghost's attack.
Britaniac's ghost hits you but does no damage.
You closely miss Britaniac's ghost.
Britaniac's ghost is severely damaged.
Britaniac's ghost hits you but does no damage.
You hit Britaniac's ghost but do no damage.
Britaniac's ghost is severely damaged.
Britaniac's ghost casts a spell at you. The flame tongue hits you!
You die...

#......#
#......#
#.<....#+##
#####.....#
+.....#
#.....#
#.....#
#######.....#
#.....W@!...#
#...........#
#......#'####
#......#..
###..####..
### #.. ...
....


You could see Britaniac's ghost.

Vanquished Creatures
  Sigmund (D:5)
  Duvessa (D:6)
  An orc warrior (D:6)
  An ice beast (D:6)
  2 phantoms (D:4)
  4 ogres
  A necrophage (D:6)
  2 centaurs (D:6)
  Blork the orc (D:5)
  2 giant frogs
  2 scorpions
  Dowan (D:6)
  A giant frog zombie (D:5)
  A crimson imp (D:6)
  2 orc wizards
  An orc priest (D:5)
  A hound (D:5)
  2 iguanas
  3 worker ants (D:6)
  7 adders
  15 gnolls
  7 shadow imps
  An ooze (D:1)
  A worm (D:3)
  3 giant geckos
  18 orcs
  11 goblins
  4 hobgoblins
  10 kobolds
  2 ball pythons
  7 bats
  4 giant cockroaches
  4 giant newts
  6 jackals
  6 rats
136 creatures vanquished.

Notes
Turn   | Place    | Note
--------------------------------------------------------------
     0 | D:1      | homeworkjunkie the Hill Orc Fighter began the quest for the Orb.
     0 | D:1      | Reached XP level 1. HP: 19/19 MP: 1/1
   134 | D:1      | Reached XP level 2. HP: 27/27 MP: 2/2
   327 | D:2      | Reached XP level 3. HP: 33/33 MP: 3/3
   554 | D:3      | Reached skill level 4 in Fighting
   555 | D:3      | Reached XP level 4. HP: 25/40 MP: 4/4
   741 | D:3      | Reached skill level 1 in Stealth
   868 | D:3      | Noticed a giant frog
   885 | D:3      | Killed a giant frog
   885 | D:3      | Reached XP level 5. HP: 4/47 MP: 5/5
  1235 | D:3      | Found a glowing silver altar of Zin.
  1364 | D:2      | Found a sacrificial altar of Ru.
  1608 | D:3      | Found a glowing golden altar of the Shining One.
  1784 | D:2      | Reached XP level 6. HP: 50/53 MP: 6/6
  2471 | D:5      | Entered Level 5 of the Dungeon
  2654 | D:5      | Reached skill level 5 in Shields
  3003 | D:4      | Noticed a phantom
  3054 | D:4      | Killed a phantom
  3054 | D:4      | Reached skill level 5 in Axes
  3054 | D:4      | Reached XP level 7. HP: 30/60 MP: 7/7
  3634 | D:4      | Found Oxyus's Weapon Shoppe.
  3711 | D:4      | Reached skill level 1 in Dodging
  3845 | D:4      | Reached skill level 5 in Armour
  4094 | D:5      | Reached skill level 5 in Fighting
  4610 | D:5      | Noticed Blork the orc
  4636 | D:5      | Killed Blork the orc
  4636 | D:5      | Reached skill level 6 in Axes
  4636 | D:5      | Reached XP level 8. HP: 45/68 MP: 8/8
  4833 | D:5      | Found an iron altar of Okawaru.
  4847 | D:5      | Became a worshipper of Warmaster Okawaru
  4924 | D:5      | Found a radiant altar of Vehumet.
  5023 | D:5      | Noticed Sigmund
  5050 | D:5      | Killed Sigmund
  5797 | D:6      | Found a sparkling altar of Nemelex Xobeh.
  5839 | D:7      | Found a snail-covered altar of Cheibriados.
  5866 | D:6      | Reached skill level 7 in Axes
  6357 | D:6      | Reached * piety under Okawaru
  6407 | D:6      | Reached XP level 9. HP: 67/75 MP: 9/9
  6487 | D:6      | Reached skill level 8 in Axes
  6727 | D:6      | Noticed Dowan
  6739 | D:6      | Killed Dowan
  6752 | D:6      | Noticed Duvessa
  6773 | D:6      | Killed Duvessa
  6773 | D:6      | Reached ** piety under Okawaru
  7191 | D:7      | Noticed Britaniac's ghost (novice GrFE)
  7233 | D:7      | Killed from afar by Britaniac's ghost

Action                   |  1- 3 |  4- 6 |  7- 9 || total
-------------------------+-------+-------+-------++-------
Melee: War axe           |    56 |   230 |   319 ||   605
Throw: Tomahawk          |       |     9 |     9 ||    18
Evoke: Wand              |       |       |     5 ||     5
  Use: Scroll            |     2 |     6 |     8 ||    16
       Potion            |     1 |       |     7 ||     8
  Eat: Pizza             |       |     3 |       ||     3
       Bread ration      |       |     1 |     1 ||     2
       Beef jerky        |       |       |     2 ||     2
       Royal jelly       |       |       |     1 ||     1
       Meat ration       |       |       |     1 ||     1
       Fruit             |       |       |     1 ||     1
